 Dungeon Crawl Stone Soup version 0.29.1-1-gd02db6906a (webtiles) character file.

Game seed: 2024987432370595922

4284 Earthwalker the Spear-Bearer (level 10, -7/88 HPs)
             Began as a Minotaur Fighter on Oct 10, 2022.
             Was an Elder of Okawaru.
             Mangled by a two-headed ogre
             ... wielding a +0 giant club
              (28 damage)
             ... on level 8 of the Dungeon.
             The game lasted 00:20:54 (7134 turns).

Earthwalker the Spear-Bearer (Minotaur Fighter)     Turns: 7134, Time: 00:20:57

Health: -7/88      AC: 14    Str: 31    XL:     10   Next: 10%
Magic:  9/9        EV: 10    Int:  5    God:    Okawaru [****..]
Gold:   392        SH:  8    Dex: 16    Spells: 9/9 levels left

rFire   . . .      SeeInvis .   a - +1 trident (venom)
rCold   . . .      Faith    .   y - +2 buckler
rNeg    . . .      Spirit   .   k - +0 plate armour
rPois   .          Reflect  .   (helmet restricted)
rElec   .          Harm     .   (no cloak)
rCorr   .          Rampage  .   (no gloves)
Will    .....                   (no boots)
Stlth   ..........              (no amulet)
HPRegen 0.24/turn               l - +6 ring of strength
MPRegen 0.11/turn               m - +6 ring of dexterity

@: slowed, very slow
A: horns 2, retaliatory headbutt
a: Renounce Religion, Heroism, Finesse


You were on level 8 of the Dungeon.
You worshipped Okawaru.
Okawaru was greatly pleased with you.
You visited 2 branches of the dungeon, and saw 9 of its levels.

You collected 392 gold pieces.

Inventory:

Hand Weapons
 a - a +1 trident of venom (weapon)
 t - a +3 spear
 B - a +2 spear of venom
Missiles
 e - 13 poisoned darts (quivered)
 p - 3 datura-tipped darts
 v - 6 boomerangs
 x - a curare-tipped dart
Armour
 b - a +0 scale mail
 c - a +1 buckler
 k - a +0 plate armour (worn)
 y - a +2 buckler (worn)
Jewellery
 l - a +6 ring of strength (left hand)
 m - a +6 ring of dexterity (right hand)
Wands
 g - a wand of paralysis (13)
 q - a wand of roots (7)
Scrolls
 i - 2 scrolls of fear
 r - 2 scrolls of vulnerability
 u - 3 scrolls of identify
 w - a scroll of noise {unknown}
 z - a scroll of torment {unknown}
Potions
 d - 3 potions of might
 f - 6 potions of attraction
 h - a potion of brilliance {unknown}
 j - 5 potions of curing
 n - 4 potions of haste {unknown}
 o - a potion of flight {unknown}
 A - a potion of degeneration {unknown}
 C - a potion of lignification {unknown}
 D - 2 potions of mutation {unknown}


   Skills:
 * Level 7.7 Fighting
 * Level 11.7 Polearms
 * Level 8.9 Armour
 * Level 5.0 Dodging
 * Level 6.7 Shields


You had 9 spell levels left.
You didn't know any spells.
Your spell library contained the following spells:

 Spells                   Type           Power      Damage    Failure   Level
 Beastly Appendage        Tmut           0%         N/A       99%         1
 Wereblood                Tmut           0%         N/A       100%        2
 Spider Form              Tmut/Pois      0%         N/A       100%        3
 Eringya's Noxious Bog    Tmut/Pois      0%         N/A       100%        6
 Summon Small Mammal      Summ           Unusable   N/A       N/A         1
 Call Canine Familiar     Summ           Unusable   N/A       N/A         3
 Summon Guardian Golem    Hex/Summ       Unusable   N/A       N/A         3
 Summon Forest            Summ/Tloc      Unusable   N/A       N/A         5
 Summon Hydra             Summ           Unusable   N/A       N/A         7

Dungeon Overview and Level Annotations

Branches:
Dungeon (8/15)             Temple (1/1) D:5
   Lair: D:8-11

Altars:
Ashenzari
Cheibriados
Dithmenos
Elyvilon
Fedhas
Gozag
Hepliaklqana
Kikubaaqudgha
Makhleb
Nemelex Xobeh
Okawaru
Qazlal
Ru
Sif Muna
Trog
Uskayaw
Wu Jian
Xom
Yredelemnul
Zin
The Shining One

Shops:
D:1 (!:*[   D:8 *

Annotations:
D:4 2 transporters, 1 runed translucent door, dvd2's ghost, amateur DsGl
D:6 2 transporters, Demigod47's ghost, novice MiFi


Innate Abilities, Weirdness & Mutations

You have a pair of horns on your head.
You reflexively headbutt those who attack you in melee.


Message History

You block the hornet's attack. The hornet stings you.
You feel yourself slow down. The hornet misses you.
The hornet stings you but does no damage.
The hornet attacks as you move away! The hornet stings you!
You are poisoned.
You feel as though you will be slow longer.
You feel very sick. The hornet closely misses you.
You feel very sick. The hornet closely misses you.
The hornet barely misses you.
You hit the hornet but do no damage.
The hornet is poisoned.
You headbutt the hornet.
The hornet is lightly wounded.
You feel yourself speed up.
You feel sick. The hornet stings you.
You feel yourself slow down.
You feel sick. The hornet barely misses you.
You feel yourself speed up.
You feel sick. You block the hornet's attack. The hornet stings you.
You feel yourself slow down. The hornet attacks as you move away!
The hornet stings you!
You feel as though you will be slow longer.
You feel sick. You block the hornet's attack.
You feel sick.
You are no longer poisoned.
The hornet stings you.
You feel as though you will be slow longer.
The hornet stings you.
You feel as though you will be slow longer.
The hornet stings you!
You feel as though you will be slow longer.
The hornet barely misses you.
As you read the scroll of fog, it crumbles to dust.
The scroll dissolves into smoke.
You kill the hornet!
Okawaru is honoured by your kill.
The two-headed ogre hits you with a +0 giant club!
* * * LOW HITPOINT WARNING * * *
The two-headed ogre hits you with a +0 giant club!!
You die...

#.O.....#..
#.#####.#.#
#.#...#.#.#####.##
#.#..............#
#.##.##.#.########
#O#.....#.#
#.#######.#
..........########
.#####..#....§O@§§#
.O
......#.######§## .
.....).......#§# .
........#.####.#
#.#............#
.#.#...†#######
..............#
..###......###.#
........#..# #.#


You could see a two-headed ogre.

Vanquished Creatures
  A boulder beetle (D:8)
  A hornet (D:8)
  A yak (D:7)
  A basilisk (D:8)
  2 steam dragons
  Grum (D:8)
  2 water moccasins
  Duvessa (D:5)
  An orc warrior (D:6)
  A sky beast (D:7)
  2 black bears
  2 ice beasts
  3 wolves (D:8)
  An ogre (D:7)
  A kobold brigand (D:7)
  A phantom (D:5)
  4 bullfrogs
  4 scorpions
  2 gnoll sergeants
  A necrophage (D:6)
  3 wights (D:7)
  Dowan (D:5)
  6 killer bees (D:8)
  An orc priest (D:7)
  A hound (D:7)
  2 jellies
  5 iguanas
  A hound zombie (D:4)
  11 adders
  6 gnolls
  A white imp (D:6)
  An ufetubus (D:4)
  2 adder zombies (D:4)
  3 worms
  3 dart slugs
  11 orcs
  7 bats
  11 endoplasms
  3 giant cockroaches
  5 goblins
  7 hobgoblins
  4 jackals (D:1)
  6 quokkas
  5 ball pythons
  5 frilled lizards
  12 kobolds
  A quokka zombie (D:4)
  5 rats
162 creatures vanquished.

Vanquished Creatures (others)
  6 plants (D:6)
6 creatures vanquished.

Grand Total: 168 creatures vanquished

Notes
Turn   | Place    | Note
-------+----------+-------------------------------------------
     0 | D:1      | Earthwalker the Minotaur Fighter began the quest for the
                  | Orb.
     0 | D:1      | Reached XP level 1. HP: 19/19 MP: 0/0
    44 | D:1      | Found Ugoedair's Weapon Emporium.
    76 | D:1      | Found Kithepho's General Store.
    82 | D:1      | Reached XP level 2. HP: 27/27 MP: 1/1
    84 | D:1      | Found Guru's Book Emporium.
   221 | D:1      | Found Pullac's Antique Armour Boutique.
   279 | D:1      | Reached skill level 3 in Polearms
   505 | D:1      | Found Uschen's Distillery.
   512 | D:1      | Reached XP level 3. HP: 33/33 MP: 2/2
   656 | D:2      | Found a faded altar of an unknown god.
  1037 | D:2      | Reached XP level 4. HP: 40/40 MP: 3/3
  1062 | D:2      | Found a glowing golden altar of the Shining One.
  1076 | D:2      | Reached skill level 4 in Polearms
  1076 | D:2      | Reached skill level 1 in Dodging
  2076 | D:3      | Reached XP level 5. HP: 46/46 MP: 4/4
  2080 | D:3      | Found an opulent altar of Gozag.
  2085 | D:3      | Found a sacrificial altar of Ru.
  2520 | D:4      | Found a transporter.
  2579 | D:4      | Reached skill level 5 in Polearms
  2605 | D:4      | Found a transporter.
  2723 | D:4      | Noticed a black bear
  2731 | D:4      | Killed a black bear
  2732 | D:4      | Reached XP level 6. HP: 52/53 MP: 5/5
  2744 | D:4      | Found a sparkling altar of Nemelex Xobeh.
  2793 | D:4      | Found a basalt altar of Yredelemnul.
  2849 | D:4      | Found a runed translucent door.
  2852 | D:4      | Noticed dvd2's ghost (amateur DsGl)
  3065 | D:4      | Noticed a fire bat
  3065 | D:4      | Noticed a fire bat
  3066 | D:4      | Noticed a fire bat
  3075 | D:5      | Entered Level 5 of the Dungeon
  3082 | D:5      | Noticed Duvessa
  3083 | D:5      | Noticed Dowan
  3092 | D:5      | Killed Duvessa
  3093 | D:5      | Reached skill level 6 in Polearms
  3093 | D:5      | Reached skill level 5 in Armour
  3095 | D:5      | Killed Dowan
  3224 | D:5      | Reached XP level 7. HP: 60/60 MP: 6/6
  3359 | D:5      | You fall into a shaft and drop 2 floors!
  3364 | D:7      | Reached skill level 7 in Polearms
  3402 | D:6      | Reached skill level 5 in Shields
  3498 | D:5      | Found a staircase to the Ecumenical Temple.
  3510 | Temple   | Entered the Ecumenical Temple
  3651 | Temple   | Became a worshipper of Warmaster Okawaru
  3716 | D:5      | Reached skill level 5 in Fighting
  3933 | D:5      | Reached skill level 8 in Polearms
  3999 | D:5      | Reached XP level 8. HP: 68/68 MP: 7/7
  4208 | D:6      | Found a transporter.
  4229 | D:6      | Noticed Demigod47's ghost (novice MiFi)
  4237 | D:6      | Reached * piety under Okawaru
  4253 | D:6      | Found a transporter.
  4743 | D:7      | Reached skill level 9 in Polearms
  5028 | D:7      | Found an ancient bone altar of Kikubaaqudgha.
  5446 | D:7      | Reached ** piety under Okawaru
  5461 | D:7      | Reached XP level 9. HP: 70/75 MP: 8/8
  5560 | D:7      | Reached skill level 10 in Polearms
  6116 | D:8      | Found Butapoppe's General Store.
  6134 | D:8      | Noticed Grum
  6149 | D:8      | Killed Grum
  6150 | D:8      | Reached skill level 11 in Polearms
  6507 | D:8      | Reached *** piety under Okawaru
  6509 | D:8      | Noticed a boulder beetle
  6723 | D:8      | Killed a boulder beetle
  6723 | D:8      | Reached **** piety under Okawaru
  6724 | D:8      | Reached skill level 5 in Dodging
  6724 | D:8      | Reached XP level 10. HP: 56/86 MP: 9/9
  7110 | D:8      | Noticed a two-headed ogre
  7134 | D:8      | Mangled by a two-headed ogre

Illustrated notes

Levels and vault maps discovered:
D:1:      minmay_arrival_glassed_features, layout_loops_ring, serial_shops,
          nicolae_shop_waterfront, shop, shop, shop, shop
D:2:      layout_rooms, basic_altar, ebering_ecumenical_altar_sacrificial,
          feat_on_display
D:3:      layout_loops_corners, nicolae_overflow_hidden_temple, serial_glass,
          glass_columns_a, glass_columns_c, glass_columns_b, glass_columns_c
D:4:      gammafunk_cloud_chamber, layout_cave_pools,
          mainiacjoe_overflow_catwalk, nicolae_yredelemnul_corpse_copse,
          ebering_ghost_sewer_d
D:5:      layout_cave_pods, minmay_temple_entry_purple_smoke, uniq_duvessa
D:6:      layout_rooms, gammafunk_ghost_gnarly_gnolls, due_unseen_surprise
D:7:      kb_forest_paths, layout_loops_ring, mainiacjoe_overflow_brackets
D:8:      cheibrodos_fzero, layout_basic, serial_shops, shop, uniq_grum
Temple:   nicolae_temple_slightly_damp_pantheon

Skill      XL: |  1  2  3  4  5  6  7  8  9 |
---------------+----------------------------+-----
Shields        | 4 5 6 |  6.7
Polearms       | 3 4 5 6 8 9 11 | 11.7
Armour         | 4 5 6 7 8 |  8.9
Fighting       | 4 5 6 7 |  7.7
Dodging        | 1 2 3 5 |  5.0

Action                   |  1- 3 |  4- 6 |  7- 9 | 10-12 || total
-------------------------+-------+-------+-------+-------++-------
Melee: Trident           |    81 |   125 |   201 |    23 ||   430
       Headbutt          |     6 |    14 |    42 |     4 ||    66
Throw: Dart              |       |     3 |     3 |       ||     6
  Use: Scroll            |     3 |     9 |       |     1 ||    13
Armor: Scale mail        |    22 |    15 |       |       ||    37
       Plate armour      |       |    32 |    64 |     7 ||   103
Dodge: Dodged            |    32 |    23 |    53 |    14 ||   122
Block: Buckler           |    15 |    17 |    48 |    12 ||    92
